 Dungeon Crawl Stone Soup version 0.30.1-4-g462c640d31 (webtiles) character file.

Game seed: 12090468042405340766

48 HagarQim the Conjurer (level 3, -6/20 (21) HPs)
             Began as a Gargoyle Reaver on Sept 11, 2023.
             Mangled by Grinder (7 damage)
             ... on level 3 of the Dungeon.
             The game lasted 00:03:37 (1217 turns).

HagarQim the Conjurer (Gargoyle Reaver)             Turns: 1217, Time: 00:03:37

HP:   -6/20 (21)    AC:  6    Str: 15    XL:     3   Next: 72%
MP:   6/6           EV: 11    Int: 15    God:
Gold: 124           SH:  0    Dex:  8    Spells: 5/6 levels left

rFire   . . .        a - +0 mace
rCold   . . .        (no shield)
rNeg    + . .        b - +0 leather armour
rPois   ∞            (no helmet)
rElec   +            (no cloak)
rCorr   .            (no gloves)
SInv    .            (no boots)
Will    .....        (no amulet)
Stlth   +            (no ring)
HPRegen 0.23/turn    (no ring)
MPRegen 0.10/turn

%: no passive effects
@: lightly drained
A: sickness immunity, AC +3, negative energy resistance 1, electricity
resistance, torment resistance 1, petrification resistance
a: no special abilities


You were on level 3 of the Dungeon.
You visited 1 branch of the dungeon, and saw 3 of its levels.

You collected 124 gold pieces.

Inventory:

Hand Weapons
 a - a +0 mace (weapon)
Missiles
 l - 4 boomerangs (quivered)
Armour
 b - a +0 leather armour (worn)
Scrolls
 c - a scroll of teleportation {unknown}
 d - 2 scrolls of enchant armour {unknown}
 f - a scroll of fog {unknown}
 g - 3 scrolls of identify {unknown}
 h - a scroll of immolation {unknown}
 k - a scroll of blinking {unknown}
Potions
 e - a potion of berserk rage {unknown}
 i - a potion of ambrosia {unknown}


   Skills:
 + Level 2.2 Fighting
 + Level 3.4 Maces & Flails
 + Level 1.3 Armour
 + Level 1.9 Dodging
 * Level 2.0 Spellcasting
 * Level 4.0 Conjurations


You had 5 spell levels left.
You knew the following spells:

 Your Spells              Type           Power      Damage    Failure   Level
a - Kiss of Death         Conj/Necr      28%        2d7       12%         1

Your spell library contained the following spells:

 Spells                   Type           Power      Damage    Failure   Level
 Momentum Strike          Conj/Tloc      14%        3d8       19%         2
 Hailstorm                Conj/Ice       7%         3d4       34%         3


Dungeon Overview and Level Annotations

Branches:
Dungeon (3/15)

Altars:

Annotations:
D:3 Grinder


Innate Abilities, Weirdness & Mutations

You are immune to sickness and miasma.
Your stone body is resilient. (AC +3)
You are immune to poison.
You resist negative energy. (rN+)
You are resistant to electric shocks. (rElec)
You are resistant to unholy torment.
You are immune to petrification.


Message History

Grinder blinks!
Casting: Kiss of Death (safe; 12% risk of failure)
Confirm with . or Enter, or press ? or * to list all spells.
You can't see any susceptible monsters within range! (Use Z to cast anyway.) Unknown command.
Throw: 2 darts (poison)
Press: ? - help, Q - select action, (/) - cycle Shift-Dir - straight line, f/p - Grinder
Aim: Grinder, carrying a wand of flame (12) (moderately wounded, poisoned, 50% to hit)
You throw a poisoned dart. The poisoned dart hits Grinder.
Grinder is moderately wounded.
Throw: dart (poison)
Press: ? - help, Q - select action, (/) - cycle Shift-Dir - straight line, f/p - Grinder
Aim: Grinder, carrying a wand of flame (12) (moderately wounded, poisoned, 50% to hit)
You throw a poisoned dart. The poisoned dart hits Grinder.
Grinder looks even sicker.
Grinder is moderately wounded.
Throw: 4 boomerangs
Press: ? - help, Q - select action, (/) - cycle Shift-Dir - straight line, f/p - Grinder
Aim: Grinder, carrying a wand of flame (12) (moderately wounded, very poisoned, 50% to hit)
You throw a boomerang. The boomerang hits Grinder.
Grinder is moderately wounded.
Grinder blinks!
You sock Grinder!
Grinder is heavily wounded.
Grinder hits you.
You hit Grinder.
Grinder is severely wounded.
Grinder hits you.
* * * LOW HITPOINT WARNING * * *
You writhe in agony.
* * * LOW HITPOINT WARNING * * *
You hit Grinder.
Grinder is almost dead.
Grinder closely misses you.
You hit Grinder.
Grinder is almost dead.
Grinder zaps a wand.
The puff of flame hits you.
* * * LOW HITPOINT WARNING * * *
Grinder hits you!
You die...

#(# ..# (.#
.. ##.##
#..(#
###...#.#
#..@(...#
........5...#
...##.......#
. ##........#
#....###.#
#.#### # #.
#.


You could see Grinder (poisoned).

Vanquished Creatures
  An adder (D:2)
  A worm (D:2)
  4 ball pythons
  6 bats
  3 endoplasms
  6 goblins
  2 hobgoblins (D:1)
  A kobold (D:1)
  2 quokkas
  2 frilled lizards (D:1)
  2 rats (D:1)
30 creatures vanquished.

Notes
Turn   | Place    | Note
-------+----------+-------------------------------------------
     0 | D:1      | HagarQim the Gargoyle Reaver began the quest for the Orb.
     0 | D:1      | Reached XP level 1. HP: 12/12 MP: 3/3
   114 | D:1      | Reached XP level 2. HP: 10/12 MP: 0/5
   505 | D:1      | Reached XP level 3. HP: 18/18 MP: 6/6
   701 | D:2      | Reached skill level 1 in Armour
   745 | D:2      | Reached skill level 4 in Conjurations
   929 | D:2      | Found a faded altar of an unknown god.
  1197 | D:3      | Noticed Grinder
  1202 | D:3      | Paralysed by Grinder for 4 turns
  1217 | D:3      | HP: 1/20 [Grinder/puff of flame (4)]
  1217 | D:3      | Mangled by Grinder

Illustrated notes

Levels and vault maps discovered:
D:1:      psy_arrival_dodecagon, layout_loops_ring
D:2:      layout_rooms, ebering_ecumenical_altar_abandoned
D:3:      layout_loops_ring, okawaru_trees_2, serial_shops,
          nicolae_shop_real_fake_doors, supply_closet_lemuel, minmay_distorted,
          uniq_grinder, uniq_sigmund

Skill      XL: |  1  2  3 |
---------------+----------+-----
Armour         | 1 |  1.3
Conjurations   | 4 |  4.0
Fighting       | |  2.2
Maces & Flails | |  3.4
Dodging        | |  1.9
Spellcasting   | |  2.0

Action                     || total
---------------------------++-------
  Melee: Mace              ||   100
  Throw: Dart              ||    12
         Boomerang         ||     1
   Cast: Kiss of Death     ||     2
 Armour: Leather armour    ||    53
  Dodge: Dodged            ||    63
